 Dungeon Crawl Stone Soup version 0.22-a0-482-g76e0a5f (webtiles) character file.

798 DrEnzyme the Skirmisher (level 7, 0/56 HPs)
             Began as a Demonspawn Wanderer on June 16, 2018.
             Slain by a bullfrog (2 damage)
             ... on level 5 of the Dungeon on June 17, 2018.
             The game lasted 00:26:16 (6159 turns).

DrEnzyme the Skirmisher (Demonspawn Wanderer)       Turns: 6159, Time: 00:26:17

Health: 0/56       AC: 11    Str: 18    XL:     7   Next: 58%
Magic:  11/11      EV: 13    Int: 10    God:
Gold:   263        SH:  0    Dex: 12    Spells: 12/12 levels left

rFire    . . .     SeeInvis .   c - +0 hand crossbow
rCold    . . .     Gourm    .   (no shield)
rNeg     . . .     Faith    .   n - +0 leather armour
rPois    .         Spirit   .   b - +1 helmet
rElec    .         Reflect  .   (no cloak)
rCorr    .         Harm     .   k - +2 pair of gloves
MR       .....                  (no boots)
Stlth    +.........             (no amulet)
HPRegen  0.18/turn              (no ring)
MPRegen  0.12/turn              (no ring)

@: lethally poisoned (0 -> -1)
A: claws 2, yellow scales 2
a: no special abilities


You were on level 5 of the Dungeon.
You were not hungry.

You visited 1 branch of the dungeon, and saw 6 of its levels.

You collected 263 gold pieces.

Inventory:

Hand Weapons
 c - a +0 hand crossbow (weapon)
Armour
 b - a +1 helmet (worn)
 k - a +2 pair of gloves (worn)
 n - a +0 leather armour (worn)
Scrolls
 h - 4 scrolls of remove curse
 i - a scroll of identify
 o - a scroll of fog
Potions
 e - a potion of might
 p - 2 potions of flight
 q - 3 potions of ambrosia
Comestibles
 f - 11 rations
 g - 5 chunks of flesh


   Skills:
 + Level 5.1 Fighting
 + Level 4.8 Crossbows
 - Level 1.0 Armour
 + Level 4.2 Dodging
 - Level 1.0 Stealth
 - Level 3.0 Spellcasting
   Level 1.0 Evocations


You had 12 spell levels left.
You didn't know any spells.
Your spell library contained the following spells:

 Spells                   Type           Power        Failure   Level  Hunger
 Magic Dart               Conj           #...         32%         1    #......
 Conjure Flame            Conj/Fire      #.......     69%         3    ###....
 Slow                     Hex            #.......     45%         2    ###....
 Mephitic Cloud           Conj/Pois/Air  #.......     69%         3    ###....
 Blink                    Tloc           N/A          45%         2    ###....
 Call Imp                 Summ           #.......     45%         2    ###....
 Shroud of Golubria       Chrm/Tloc      #.........   45%         2    ###....


Dungeon Overview and Level Annotations

Branches:
Dungeon (6/15)
 Temple: D:4-7

Altars:
Dithmenos
Nemelex Xobeh
Okawaru
Ru
Yredelemnul

Annotations:
D:1 exclusion: downstairs
D:3 exclusion: downstairs
D:4 exclusion: 2 downstairs, Eustachio
D:5 exclusion: downstairs


Innate Abilities, Weirdness & Mutations

You have very sharp fingernails.
You are mostly covered in yellow scales. (AC +3)


Message History

The jackal barely misses you.
The bullfrog hits you but does no damage.
The centaur skeleton hits you but does no damage.
The jackal bites you but does no damage.
The bullfrog hits you but does no damage.
You climb upwards.
Level annotation: exclusion: downstairs The water moccasin barely misses you.
The water moccasin bites you but does no damage.
There is a stone staircase leading down here.
You see here a bolt.
Unknown command.
* * * LOW HITPOINT WARNING * * *
You feel sick.
The water moccasin bites you but does no damage.
The jackal bites you but does no damage.
The bullfrog barely misses you. The jackal barely misses you.
The bullfrog hits you.
You die...

#.# #.#############
#.............#
#.###########.# #.#....#
#.# #.#.##.# #.####
#(#..#.######.....
#(#.........#.....
#@#..#.####.#.....
##F#.....###.#.....
######.h..#...##........
#.........#..#..........
#......>............####
#..(......#.###.....#.#[
#.........#.###.....##.#
#...................#.#.
########............##..


You could see a bullfrog and a jackal.

Vanquished Creatures
  An ogre (D:5)
  A centaur (D:5)
  A scorpion (D:5)
  A crimson imp (D:5)
  2 hounds (D:5)
  A jelly (D:5)
  A bullfrog skeleton (D:4)
  An orc wizard (D:3)
  2 iguanas
  Natasha (twice) (D:3)
  5 worker ants
  6 adders
  A shadow imp (D:5)
  An adder zombie (D:5)
  5 worms
  4 dart slugs
  4 leopard geckos
  5 orcs
  3 ball pythons
  9 bats
  3 giant cockroaches
  7 goblins
  7 hobgoblins
  9 jackals
  4 quokkas
  3 frilled lizards
  9 kobolds
  A quokka skeleton (D:5)
  7 rats
106 creatures vanquished.

Notes
Turn   | Place    | Note
-------+----------+-------------------------------------------
     0 | D:1      | DrEnzyme the Demonspawn Wanderer began the quest for the Orb.
     0 | D:1      | DrEnzyme set off with: a +0 hand crossbow, 27 bolts, a +0 robe, a ration
     0 | D:1      | Reached XP level 1. HP: 16/16 MP: 4/4
   179 | D:1      | Upgraded the game from 0.22-a0-480-g991dd4b to 0.22-a0-482-g76e0a5f
   239 | D:1      | Gained mutation: You have sharp fingernails. [demonic ancestry]
   239 | D:1      | Reached XP level 2. HP: 22/22 MP: 6/6
   457 | D:1      | Reached skill level 1 in Dodging
  1167 | D:2      | Reached XP level 3. HP: 28/28 MP: 7/7
  1183 | D:2      | Found a sacrificial altar of Ru.
  1922 | D:3      | Reached skill level 3 in Fighting
  1922 | D:3      | Gained mutation: You are partially covered in yellow scales. (AC +2) [demonic ancestry]
  1922 | D:3      | Reached XP level 4. HP: 26/35 MP: 8/8
  2376 | D:3      | Reached XP level 5. HP: 30/41 MP: 9/9
  2600 | D:3      | Noticed Natasha
  2603 | D:3      | Killed Natasha
  3119 | D:3      | Noticed Natasha
  3360 | D:3      | Killed Natasha
  3434 | D:4      | Noticed Eustachio
  3507 | D:4      | Found an iron altar of Okawaru.
  3862 | D:4      | Gained mutation: You are mostly covered in yellow scales. (AC +3) [demonic ancestry]
  3862 | D:4      | Reached XP level 6. HP: 34/48 MP: 10/10
  3966 | D:4      | Reached skill level 4 in Fighting
  4461 | D:5      | Entered Level 5 of the Dungeon
  5101 | D:5      | Gained mutation: You have very sharp fingernails. [demonic ancestry]
  5101 | D:5      | Reached XP level 7. HP: 55/55 MP: 11/11
  5668 | D:5      | Found a shadowy altar of Dithmenos.
  5670 | D:5      | Found a basalt altar of Yredelemnul.
  5671 | D:5      | Found a sparkling altar of Nemelex Xobeh.
  5873 | D:5      | Reached skill level 5 in Fighting
  5994 | D:6      | Noticed a hungry ghost
  6150 | D:6      | HP: 2/56 [jackal (1)]
  6156 | D:5      | HP: 2/56 [poisoned by a water moccasin]
  6159 | D:5      | Slain by a bullfrog

Vault maps used:
D:1:      elethiomel_arrival_infinity_welcomes_careful_drivers,
          hangedman_glass_teeth, minmay_heptomino_d4
D:2:      old_standard_altar
D:3:      kennysheep_six_static_rooms, first_ration, feat_on_display,
          uniq_natasha
D:4:      kennysheep_okawaru_gauntlet, minmay_quantized, uniq_eustachio
D:5:      minmay_diamond_boxcup, minitemple
D:6:      tso_oasis_becter, kennysheep_vampire_church, kennysheep_little_box,
          basic_altar

Skill      XL: |  1  2  3  4  5  6  7 |
---------------+----------------------+-----
Crossbows      | 2 3 4 |  4.8
Dodging        | 1 2 3 4 |  4.2
Fighting       | 3 4 5 |  5.1
Armour         | |  1.0
Stealth        | |  1.0
Spellcasting   | |  3.0
Evocations     | |  1.0

Action                   |  1- 3 |  4- 6 |  7- 9 || total
-------------------------+-------+-------+-------++-------
 Fire: Hand crossbow     |   111 |   177 |    34 ||   322
  Use: Scroll            |     1 |     8 |     4 ||    13
       Potion            |       |       |     6 ||     6
  Eat: Chunk             |     3 |    10 |     3 ||    16
Armor: Robe              |     8 |       |       ||     8
       Leather armour    |     9 |    22 |    25 ||    56
       Skin              |       |       |     3 ||     3
Dodge: Dodged            |    33 |    60 |    29 ||   122

Table legend:
 A = Spawn XP
 B = Non-spawn XP
 C = Spawn XP percentage of total XP
 D = Spawn monster count
 E = Non-spawn monster count
 F = Spawn count percentage of total count
 G = Total turns spent on level
                    A         B        C        D         E        F      G
               +---------+---------+-------+---------+---------+-------+---------
         Total |       0 |    1141 |   0.0 |       0 |     106 |   0.0 |  6159
               +---------+---------+-------+---------+---------+-------+---------
           D:1 |       0 |      37 |   0.0 |       0 |      22 |   0.0 |  1094
           D:2 |       0 |      43 |   0.0 |       0 |      15 |   0.0 |   678
           D:3 |       0 |     202 |   0.0 |       0 |      29 |   0.0 |  1650
           D:4 |       0 |     241 |   0.0 |       0 |      20 |   0.0 |  1217
           D:5 |       0 |     612 |   0.0 |       0 |      18 |   0.0 |  1462
           D:6 |       0 |       6 |   0.0 |       0 |       2 |   0.0 |    58
               +---------+---------+-------+---------+---------+-------+---------
